 Dungeon Crawl Stone Soup version 0.32-a0-900-g30fb1b0edc (webtiles) character file.

Game seed: 17694363782992809506

48 ezpacito the Chopper (level 3, -2/29 HPs)
             Began as a Coglin Chaos Knight on Apr 5, 2024.
             Was a Plaything of Xom.
             Slain by an orc
             ... wielding a +0 flail
              (5 damage)
             ... on level 3 of the Dungeon.
             The game lasted 00:01:43 (1721 turns).

ezpacito the Chopper (Coglin Chaos Knight)          Turns: 1721, Time: 00:01:43

Health: -2/29      AC:  5    Str: 14      XL:     3   Next: 72%
Magic:  3/3        EV: 10    Int: 10 (11) God:    Xom [*.....]
Gold:   113        SH:  0    Dex: 13      Spells: 3/3 levels left

rFire   . . .        a - +0 hand axe (chaos) {Qing}
rCold   . . .        d - +0 dagger {Tamara}
rNeg    . . .        b - +2 leather armour
rPois   .            (no helmet)
rElec   .            (no cloak)
rCorr   .            (no gloves)
SInv    .            (no boots)
Will    .....        (amulet unavailable)
Stlth   +            (ring unavailable)
HPRegen 0.24/turn    (ring unavailable)
MPRegen 0.08/turn    (no gizmo)

%: no passive effects
@: invisible
A: off-hand wielding, slow wielding, warmup strikes, no jewellery
a: Invent Gizmo, Renounce Religion


You were on level 3 of the Dungeon.
You worshipped Xom.
You were a special plaything of Xom.
You visited 1 branch of the dungeon, and saw 3 of its levels.

You collected 113 gold pieces.

Inventory:

Hand Weapons
 a - a +0 hand axe of chaos (weapon) {Qing}
 d - a +0 dagger (offhand) {Tamara}
Missiles
 k - 2 javelins (quivered)
Armour
 b - a +2 leather armour (worn)
Scrolls
 g - a scroll of enchant armour {unknown}
 h - 5 scrolls of identify {unknown}
 i - a scroll of blinking {unknown}
 j - a scroll of fear {unknown}
 o - a scroll of revelation {unknown}
 q - a scroll of amnesia {unknown}
Potions
 f - a potion of magic {unknown}
 l - a potion of attraction {unknown}
 m - a potion of resistance {unknown}
 n - a potion of heal wounds {unknown}
 p - a potion of enlightenment {unknown}


   Skills:
 * Level 3.2 Fighting
 * Level 3.3(3.4) Axes
 * Level 0.6(2.0) Polearms
 * Level 2.1 Armour
 * Level 1.3 Dodging
 + Level 0.6 Stealth
 + Level 0.6 Spellcasting


You had 3 spell levels left.
You didn't know any spells.
Your spell library contained the following spells:

 Spells                   Type           Power      Damage    Failure   Level
 Frozen Ramparts          Ice            0%         1d1       80%         3
 Ozocubu's Armour         Ice            0%         N/A       80%         3
 Summon Ice Beast         Ice/Summ       0%         N/A       80%         3
 Metabolic Englaciation   Hex/Ice        0%         N/A       100%        5
 Summon Mana Viper        Hex/Summ       0%         N/A       100%        5
 Monstrous Menagerie      Summ           0%         N/A       100%        7


Dungeon Overview and Level Annotations

Branches:
Dungeon (3/15)

Altars:

Shops:
D:1 [


Innate Abilities, Weirdness & Mutations

You can wield a second weapon in your off-hand.
It takes a long time for you to wield or remove held weapons.
Your first few attacks do less damage.
You cannot equip rings or amulets.


Message History

The orc barely misses you.
Something closely misses your butterfly.
The web tears apart.
The orc hits you with a +0 flail. The ribbon worm closely misses you.
Something hits your butterfly.
Your butterfly dies!
Your butterfly disappears in a burst of colours!
You take 5 damage, and have 16/29 hp.
You catch the helpless ribbon worm completely off-guard!
You hit the ribbon worm with your +0 hand axe of chaos.
You burn the ribbon worm.
The ribbon worm is moderately wounded.
You completely miss the orc with your +0 hand axe of chaos.
The endoplasm quivers.
You hit the ribbon worm but do no damage.
The orc hits you with a +0 flail.
The orc priest mumbles some strange prayers to Beogh against you.
The orc barely resists.
The ribbon worm bites you!
* * * LOW HITPOINT WARNING * * *
You take 12 damage, and have 4/29 hp.
MASSIVE DAMAGE!!
As you read the scroll of butterflies, it crumbles to dust.
You hear the flapping of tiny wings.
Your butterfly is knocked back by the sudden gust.
The orc priest is knocked back by the sudden gust.
Your butterfly is knocked back by the sudden gust. x10
The ribbon worm is knocked back by the sudden gust.
The orc is knocked back by the sudden gust.
Your butterfly is knocked back by the sudden gust.
The orc hits you with a +0 flail.
* * * LOW HITPOINT WARNING * * *
The endoplasm closely misses something.
The orc priest hits your butterfly with a +0 dagger.
Your butterfly dies!
Your butterfly disappears in a burst of colours!
You take 1 damage, and have 3/29 hp.
Okay, then.
You swap places.
The orc priest completely misses your butterfly.
The orc hits you with a +0 flail.
You die...
Xom roars with laughter!

#.# #.# ####.######
..........# .########.#
.#### #.##########
....#####.#.bbbb....
.##....†...bbbbb####o#..
...........bbbbb@obbo...
###.####..#.###bb###J#..
#.# #.##.#bbbbwb.b# .#.
#.##.#b#bb##### ## #
#.##.#b#bbb #.##.# #####
#.##.# #.##.# #.##.#


You could see a ribbon worm (resistant, unable to see you, catching breath, ally
target), 2 orc priests, an orc (unable to see you, ally target) and an
endoplasm.

Vanquished Creatures
  An adder (D:2)
  A ribbon worm (D:2)
  A dart slug (D:2)
  4 bats
  4 endoplasms
  A giant cockroach (D:1)
  4 hobgoblins
  4 kobolds
  4 ball pythons (D:1)
  3 frilled lizards
  2 goblins
  5 rats
34 creatures vanquished.

Vanquished Creatures (others)
  An orc (D:3)
1 creature vanquished.

Grand Total: 35 creatures vanquished

Notes
Turn   | Place    | Note
-------+----------+-------------------------------------------
     0 | D:1      | ezpacito the Coglin Chaos Knight began the quest for the
                  | Orb.
     0 | D:1      | Reached XP level 1. HP: 18/18 MP: 1/1
    15 | D:1      | Reached skill level 1 in Dodging
    62 | D:1      | Reached XP level 2. HP: 21/24 MP: 2/2
   109 | D:1      | Found Nuip's Armour Shop.
   462 | D:2      | XOM is BORED!
   462 | D:2      | XOM: silly message
   526 | D:2      | Reached XP level 3. HP: 29/29 MP: 3/3
   766 | D:2      | XOM: noise
  1611 | D:2      | XOM: stat loss: -1 Int (10/11)
  1721 | D:3      | Slain by an orc

Illustrated notes

Levels and vault maps discovered:
D:1:      eino_arrival_water_cross, layout_basic, serial_shops, shop,
          minmay_pentomino_x2
D:2:      layout_basic, serial_co_window_serial, co_window_of_opportunity_a,
          co_window_corner_a, co_window_of_opportunity_a, co_window_paths_b,
          co_window_paths_a, co_window_of_opportunity_a,
          co_window_of_opportunity_a, co_window_corner_a, co_window_corner_a,
          co_window_broadway_a, co_window_corner_cb, co_window_unsneaky_path_c,
          co_window_corner_cb, co_window_of_opportunity_b, co_window_broadway_c,
          glass_columns_b, glass_columns_a, glass_columns_a, glass_columns_c
D:3:      layout_loops_ring, shapermc_ecumenical_altar_hornbeckon

Skill      XL: |  1  2 |
---------------+-------+-----
Dodging        | 1 |  1.3
Armour         | 2 |  2.1
Fighting       | |  3.2
Axes           | |  3.3
Polearms       | |  0.6
Stealth        | |  0.6
Spellcasting   | |  0.6

Action                     || total
---------------------------++-------
  Melee: Hand axe          ||    67
         Dagger            ||    61
    Use: Scroll            ||     2
         Potion            ||     1
   Stab: Confused          ||     1
         Invisible         ||     1
 Armour: Leather armour    ||    51
  Dodge: Dodged            ||    35

Table legend: (Time is in decaauts)
 A = Elapsed time spent in this place.
 B = Non-inter-level travel time spent in this place.
 C = Inter-level travel time spent in this place.
 D = Time resting spent in this place.
 E = Time spent auto-exploring this place.
 F = Levels seen in this place.
 G = Mean time per level.
                   A        B        C        D        E       F      G
               +--------+--------+--------+--------+--------+-----+--------+
         Total |   1725 |   1644 |     81 |      0 |   1398 |   3 |  575.0 |
       Dungeon |   1725 |   1644 |     81 |      0 |   1398 |   3 |  575.0 |
               +--------+--------+--------+--------+--------+-----+--------+

Top non-repeatable levels by time:
     D:2: 1229 daAuts
     D:1: 423 daAuts
     D:3: 72 daAuts
